 Dungeon Crawl Stone Soup version 0.17.0-28-g6e173f8 (webtiles) character file.

273 dorian the Stinger (level 6, -3/36 HPs)
             Began as an Octopode Venom Mage on Dec 1, 2015.
             Slain by a giant gecko (4 damage)
             ... on level 3 of the Dungeon.
             The game lasted 00:08:33 (3659 turns).

dorian the Stinger (Octopode Venom Mage)            Turns: 3659, Time: 00:08:34

Health: -3/36      AC:  1    Str:  8    XL:     6   Next: 24%
Magic:  1/9        EV: 12    Int: 19    God:
Gold:   136        SH:  0    Dex: 12    Spells: 2 memorised, 5 levels left

rFire  . . .     SeeInvis .     (no weapon)
rCold  . . .     Clarity  .     (no shield)
rNeg   . . .     SustAt   .     (helmet restricted)
rPois  .         Gourm    .     (no amulet)
rElec  .         Spirit   .     (no ring)
rCorr  .         Warding  .     (no ring)
rMut   .         Stasis   .     (no ring)
MR     .....                    (no ring)
Stlth  +++.......               (no ring)
                                (no ring)
                                (no ring)
                                (no ring)

@: not resistant to hostile enchantments, fairly stealthy
A: almost no armour, amphibious, 8 rings, constrict 8, camouflage 1, gelatinous
body 1
a: no special abilities


You were on level 3 of the Dungeon.
You were hungry.

You visited 1 branch of the dungeon, and saw 3 of its levels.

You collected 136 gold pieces.

Inventory:

Scrolls
 c - 2 scrolls of random uselessness {unknown}
 d - a scroll of identify {unknown}
 g - 2 scrolls of enchant armour {unknown}
 h - a scroll of remove curse {unknown}
 j - 2 scrolls of fear {unknown}
 l - a scroll of recharging {unknown}
 p - a scroll of enchant weapon {unknown}
 q - a scroll of immolation {unknown}
 r - a scroll of amnesia {unknown}
Potions
 e - a potion of resistance {unknown}
 f - a potion of cure mutation {unknown}
 i - 2 potions of curing {unknown}
 n - a potion of lignification {unknown}
 o - a potion of poison {unknown}
 s - a potion of degeneration {unknown}
Books
 a - a Young Poisoner's Handbook

   Spells                             Type                      Level
   a - Sting                          Conjuration/Poison           1
   b - Cure Poison                    Poison                       2
   c - Mephitic Cloud                 Conjuration/Poison/Air       3
   d - Olgreb's Toxic Radiance        Poison                       4
   e - Venom Bolt                     Conjuration/Poison           5
Comestibles
 b - 3 bread rations
 k - 2 meat rations
 m - a slice of pizza


   Skills:
 - Level 2.0 Dodging
 - Level 2.6 Stealth
 - Level 2.0 Spellcasting
 + Level 4.1 Conjurations
 + Level 7.0 Poison Magic


You had 5 spell levels left.
You knew the following spells:

 Your Spells              Type           Power        Failure   Level  Hunger
a - Sting                 Conj/Pois      ###.         1%          1    #......
b - Mephitic Cloud        Conj/Pois/Air  ###.....     12%         3    ###....


Dungeon Overview and Level Annotations

Branches:
Dungeon (3/15)

Altars:
Cheibriados


Innate Abilities, Weirdness & Mutations

You cannot wear most types of armour.
You are amphibious.
You can wear up to eight rings at the same time.
You can use your tentacles to constrict eight enemies at once.
Your skin changes colour to match your surroundings (Stealth).
Your rubbery body absorbs attacks (AC +1).


Message History

You constrict the orc wizard. The giant gecko bites you.
* * * LOW HITPOINT WARNING * * *
The orc wizard gestures wildly while chanting.
The orc wizard seems to speed up.
You tentacle-slap the orc wizard.
The orc wizard is almost dead.
You constrict the orc wizard.
You kill the orc wizard!
Your Conjurations skill increases to level 4!
The giant gecko bites you.
* * * LOW HITPOINT WARNING * * *
Things that are here:
a club; a robe; an orc corpse The giant gecko closely misses you.
The giant gecko bites you.
* * * LOW HITPOINT WARNING * * *
Things that are here:
a flail; an orc skeleton The giant gecko bites you.
You die...

#...##.....##....# ##
##.###....().[...# ######.
#...#########).### #....#. ##.##
..#....## ###.##.#. #...#
###.#.##..# #......#<
##.####...#.###.# #.#......
#.........#.###.#########.#...)..
........................()...)..(
....#^...[.....#@####.######.....
........##.....#l# #..........###
##.###..##.....#.# #..######..#
#.# #.###.....#)# #..# #..#
##'###.........#.###..######..#
.'_###..######....##.......#<.#
##+###..# #....###.####.##.# #..#
#....# #.#... ..# #....###.#.#
###


You could see a giant gecko.

Vanquished Creatures
  An orc wizard (D:3)
  An orc priest (D:3)
  Jessica (D:2)
  A hound zombie (D:3)
  4 adders
  4 gnolls (D:2)
  An ooze (D:1)
  3 worms
  7 orcs (D:3)
  4 giant cockroaches (D:1)
  12 hobgoblins
  7 jackals
  2 ball pythons
  4 bats
  4 giant geckos
  7 giant newts
  8 goblins
  9 kobolds
  7 rats
87 creatures vanquished.

Notes
Turn   | Place    | Note
--------------------------------------------------------------
     0 | D:1      | dorian the Octopode Venom Mage began the quest for the Orb.
     0 | D:1      | Reached XP level 1. HP: 11/11 MP: 3/3
   110 | D:1      | Reached skill level 5 in Poison Magic
   321 | D:1      | Reached skill level 1 in Conjurations
   321 | D:1      | Reached XP level 2. HP: 15/17 MP: 1/5
   749 | D:1      | Reached XP level 3. HP: 12/21 MP: 1/6
  1580 | D:2      | Noticed Jessica
  1584 | D:2      | Killed Jessica
  1584 | D:2      | Reached XP level 4. HP: 27/27 MP: 3/7
  1817 | D:2      | Reached skill level 6 in Poison Magic
  2070 | D:2      | Reached XP level 5. HP: 31/31 MP: 3/8
  2394 | D:3      | Learned a level 3 spell: Mephitic Cloud
  2399 | D:3      | Found a snail-covered altar of Cheibriados.
  3330 | D:3      | Reached skill level 7 in Poison Magic
  3330 | D:3      | Reached XP level 6. HP: 3/36 MP: 2/9
  3654 | D:3      | HP: 1/36 [giant gecko (3)]
  3659 | D:3      | Slain by a giant gecko

Action                   |  1- 3 |  4- 6 || total
-------------------------+-------+-------++-------
Melee: Unarmed           |    25 |    21 ||    46
 Cast: Sting             |    63 |   127 ||   190
 Stab: Sleeping          |     1 |     1 ||     2
  Eat: Chunk             |     3 |     7 ||    10
